 Dungeon Crawl Stone Soup version 0.28-a0-657-g71136c5590 (webtiles) character file.

Game seed: 6208870546736409694

54901 DavidChitty2 the Severer (level 14, -5/129 HPs)
             Began as a Minotaur Fighter on Oct 6, 2021.
             Was a High Priest of Okawaru.
             Slain by a molten gargoyle (12 damage)
             ... on level 6 of the Lair of Beasts on Oct 13, 2021.
             The game lasted 00:27:47 (20761 turns).

DavidChitty2 the Severer (Minotaur Fighter)        Turns: 20761, Time: 00:27:48

Health: -5/129     AC: 20    Str: 24    XL:     14   Next: 36%
Magic:  28/28      EV: 10    Int:  9    God:    Okawaru [*****.]
Gold:   443        SH: 13    Dex: 15    Spells: 13/13 levels left

rFire   . . .      SeeInvis .   b - +2 morningstar
rCold   . . .      Faith    .   A - +0 kite shield
rNeg    + . .      Spirit   .   y - +5 ring mail "Fumuaqow" {rElec}
rPois   +          Reflect  .   e - +1 hat {Will+}
rElec   +          Harm     .   s - +2 cloak {rCorr}
rCorr   +          Rampage  .   i - +0 pair of fencer's gloves {Riposte Dex+3}
Will    ++...                   E - +0 pair of boots
Stlth   +.........              (no amulet)
HPRegen 0.31/turn               P - ring "Fioq" {rN+ MP+9 Int+4}
MPRegen 0.21/turn               D - ring of poison resistance

@: no status effects
A: horns 2, retaliatory headbutt
a: Renounce Religion, Heroism, Finesse, Duel


You were on level 6 of the Lair of Beasts.
You worshipped Okawaru.
Okawaru was extremely pleased with you.
You visited 3 branches of the dungeon, and saw 18 of its levels.
You also visited: Sewer.

You collected 1288 gold pieces.
You spent 845 gold pieces at shops.

Inventory:

Hand Weapons
 a - a +4 broad axe of electrocution
   (You acquired it on level 5 of the Dungeon)
 b - a +2 morningstar (weapon)
   (You took it off a wight on level 9 of the Dungeon)
Missiles
 h - 2 throwing nets {!f}
 C - 63 poisoned darts (quivered)
Armour
 e - a +1 hat of willpower (worn)
   (Okawaru gifted it to you on level 9 of the Dungeon)
 i - the +0 pair of fencer's gloves (worn) {Riposte Dex+3}
   (You acquired it on level 2 of the Lair of Beasts)

   It allows the wearer to riposte with melee weapons, swiftly retaliating
   against missed attacks.
   Dex:       It affects your dexterity (+3).
 r - a +0 plate armour
   (You took it off an orc warrior on level 7 of the Dungeon)
 s - a +2 cloak of preservation (worn)
   (You took it off Crazy Yiuf on level 3 of the Dungeon)
 y - the +5 ring mail "Fumuaqow" (worn) {rElec}
   (You found it on level 5 of the Dungeon)

   rElec:     It insulates you from electricity.
 A - a +0 kite shield (worn)
   (You found it on level 4 of the Dungeon)
 E - a +0 pair of boots (worn)
   (You found it on level 4 of the Dungeon)
Jewellery
 B - a ring of willpower
   (You found it on level 6 of the Dungeon)
 D - a ring of poison resistance (right hand)
   (You found it on level 7 of the Dungeon)
 I - a ring of resist corrosion
   (You found it on level 4 of the Lair of Beasts)
 J - a ring of fire
   (You found it on level 5 of the Dungeon)
 P - the ring "Fioq" (left hand) {rN+ MP+9 Int+4}
   (You found it on level 4 of the Lair of Beasts)

   [ring of positive energy]

   Int:       It affects your intelligence (+4).
   rN:        It protects you from negative energy.
   MP:        It affects your magic capacity (+9).
Wands
 p - a wand of mindburst (12)
   (You found it on level 3 of the Lair of Beasts)
 t - a wand of flame (20)
   (You took it off a vampire on level 8 of the Dungeon)
 u - a wand of paralysis (9)
   (You found it on level 5 of the Dungeon)
 v - a wand of digging (8)
   (You found it on level 7 of the Dungeon)
 x - a wand of acid (7)
   (You found it on level 7 of the Dungeon)
 R - a wand of polymorph (9)
   (You found it on level 6 of the Lair of Beasts)
Scrolls
 f - a scroll of enchant armour
 j - a scroll of immolation {!r}
 k - 2 scrolls of blinking
 m - 2 scrolls of summoning
 o - 2 scrolls of magic mapping
 w - 8 scrolls of identify {@r1}
 H - 2 scrolls of amnesia
 M - a scroll of teleportation {@r4}
 O - a scroll of vulnerability {!r}
 Q - a scroll of enchant weapon
Potions
 c - a potion of cancellation
 d - 4 potions of attraction {!q}
 g - 8 potions of flight
 l - 8 potions of curing {@q1}
 n - 3 potions of brilliance
 q - 5 potions of mutation {!q}
 z - 3 potions of magic
 F - 6 potions of haste {@q3}
 G - 3 potions of berserk rage
 K - 2 potions of heal wounds {@q2}
 L - 2 potions of invisibility
 N - a potion of lignification {unknown}


   Skills:
 + Level 13.6 Fighting
 - Level 18.0 Axes
 + Level 13.7 Armour
 + Level 13.6 Shields
 - Level 8.0 Invocations


You had 13 spell levels left.
You didn't know any spells.
Your spell library contained the following spells:

 Spells                   Type           Power      Damage    Failure   Level
 Foxfire                  Conj/Fire      0%         2x1d4     54%         1
 Freeze                   Ice            0%         1d3       54%         1
 Pain                     Necr           0%         1d4       54%         1
 Shock                    Conj/Air       0%         1d3       54%         1
 Blink                    Tloc           N/A        N/A       69%         2
 Corpse Rot               Necr/Air       N/A        N/A       69%         2
 Ensorcelled Hibernation  Hex/Ice        0%         N/A       69%         2
 Poisonous Vapours        Pois/Air       0%         N/A       69%         2
 Slow                     Hex            0%         N/A       69%         2
 Confusing Touch          Hex            0%         N/A       89%         3
 Conjure Flame            Conj/Fire      0%         6-21      89%         3
 Frozen Ramparts          Ice            0%         1d2       89%         3
 Inner Flame              Hex/Fire       0%         N/A       89%         3
 Lesser Beckoning         Tloc           0%         N/A       89%         3
 Portal Projectile        Hex/Tloc       0%         N/A       89%         3
 Swiftness                Air            0%         N/A       89%         3
 Vampiric Draining        Necr           0%         2d6       89%         3
 Airstrike                Air            0%         N/A       100%        4
 Flame Wave               Conj/Fire      0%         3d3       100%        4
 Hailstorm                Conj/Ice       0%         3d3       100%        4
 Leda's Liquefaction      Hex/Erth       0%         N/A       100%        4
 Freezing Cloud           Conj/Ice/Air   0%         6-21      100%        5
 Lightning Bolt           Conj/Air       0%         1d11      100%        5
 Manifold Assault         Tloc           0%         N/A       100%        5
 Yara's Violent Unravell  Hex/Tmut       0%         3d3       100%        5
 Storm Form               Tmut/Air       0%         N/A       100%        7
 Polar Vortex             Ice            0%         N/A       100%        9
 Animate Skeleton         Necr           Unusable   N/A       N/A         1
 Call Canine Familiar     Summ           Unusable   N/A       N/A         3
 Tukima's Dance           Hex            Unusable   N/A       N/A         3
 Summon Lightning Spire   Summ/Air       Unusable   N/A       N/A         4
 Simulacrum               Ice/Necr       Unusable   N/A       N/A         6
 Malign Gateway           Summ/Tloc      Unusable   N/A       N/A         7
 Summon Horrible Things   Summ           Unusable   N/A       N/A         8

Dungeon Overview and Level Annotations

Branches:
Dungeon (11/15)            Temple (1/1) D:6            Lair (6/6) D:8
 Shoals (0/4) Lair:2       Spider (0/4) Lair:2        Slime (0/5) Lair:5
    Orc (0/2) D:11          Sewer (visited)

Altars:
Ashenzari
Cheibriados
Dithmenos
Elyvilon
Fedhas
Gozag
Hepliaklqana
Kikubaaqudgha
Makhleb
Nemelex Xobeh
Okawaru
Qazlal
Ru
Sif Muna
Trog
Uskayaw
Vehumet
Wu Jian
Xom
Yredelemnul
Zin
The Shining One

Shops:
D:3 !   D:4 (   D:9 !

Annotations:
D:8 1 runed translucent door, p0werm0de's ghost, novice MiCK
D:10 1 runed translucent door, sn0wgr3's ghost, novice GrFi
Lair:6 2 runed translucent doors


Innate Abilities, Weirdness & Mutations

You have a pair of horns on your head.
You reflexively headbutt those who attack you in melee.


Message History

Lightning courses through the komodo dragon!
The komodo dragon bites you!
You barely miss the komodo dragon.
A molten gargoyle comes into view. It is wielding a +0 dire flail.
The komodo dragon bites you!!
You slice the komodo dragon!!
Lightning courses through the komodo dragon!
You kill the komodo dragon!
Okawaru accepts your kill.
The molten gargoyle blasts magma at you!
The bolt of magma hits you!!
The bolt of magma hits the lava snake!!
The lava snake partially resists.
The lava snake dies!
You slice the black mamba!!
Lightning courses through the black mamba!
Your headbutt misses the black mamba. The black mamba barely misses you.
You riposte.
You hit the black mamba. You block the black mamba's attack.
An eight-headed hydra comes into view.
You slice the black mamba!!
Lightning courses through the black mamba!
You kill the black mamba!
Okawaru accepts your kill.
You slash the molten gargoyle! You block the molten gargoyle's attack.
You slash the molten gargoyle! You hit the eight-headed hydra.
You block the eight-headed hydra's attack.
The eight-headed hydra bites you but does no damage.
You block the eight-headed hydra's attack.
The eight-headed hydra bites you but does no damage.
The eight-headed hydra completely misses you.
The eight-headed hydra bites you.
The eight-headed hydra barely misses you. x2
The molten gargoyle blasts magma at you!
The bolt of magma hits you!!
* * * LOW HITPOINT WARNING * * *
Your +4 broad axe of electrocution stops crackling.
b - a +2 morningstar (weapon)
You thump the eight-headed hydra!
You block the eight-headed hydra's attack. x2
The eight-headed hydra bites you!
* * * LOW HITPOINT WARNING * * *
The eight-headed hydra completely misses you.
The eight-headed hydra bites you.
* * * LOW HITPOINT WARNING * * *
The eight-headed hydra closely misses you.
The eight-headed hydra bites you but does no damage.
You block the eight-headed hydra's attack.
The molten gargoyle hits you with a +0 dire flail!!
* * * LOW HITPOINT WARNING * * *
You are engulfed in flames!
You die...

......§§#D.....#§#.......##
......#§#D....D#≈≈........####
.....#≈§#......#§≈≈≈##........
8##.##§§##..D.##§§≈#.........#
#####≈§≈≈##++##≈§≈.........###
#≈§#§≈..§≈§§#......####
#§##≈≈..§§§§§.....## §
##9§#..8#8# #§@##8#####
#D≈§### ..§#§§# ....# ≈§§#
...... #≈§§# ...... §#≈# ...#8
≈#§≈ ..### ≈# #


You could see an eight-headed hydra and a molten gargoyle.

Vanquished Creatures
  Josephine (Lair:4)
  3 boulder beetles
  A centaur warrior (D:8)
  4 hydras
  A two-headed ogre (D:11)
  A catoblepas (Lair:6)
  3 death yaks (Lair:5)
  A tengu warrior (D:9)
  A fire crab (Lair:6)
  A lindwurm (Lair:5)
  Pikel (D:5)
  A cyclops (D:6)
  2 manticores (D:8)
  An oklob plant (Lair:2)
  5 elephants (Lair:4)
  7 black mambas
  A gargoyle (D:8)
  2 torpor snails
  7 cane toads
  A molten gargoyle (Lair:6)
  The ghost of BR41ND34D the Magician, a novice DjCj (D:5)
  4 rime drakes
  8 komodo dragons
  A tengu conjurer (D:9)
  A jumping spider (Lair:2)
  A troll (D:9)
  A hornet (Lair:2)
  3 polar bears
  A meliai zombie (D:11)
  A snapping turtle (Lair:2)
  37 blink frogs
  A spriggan (Lair:5)
  72 yaks
  2 vampires
  4 wraiths
  11 wyverns
  A water elemental (D:11)
  6 basilisks
  3 steam dragons
  2 wargs
  2 acid dragons (D:8)
  2 ice beasts
  11 water moccasins
  4 hell hounds (Lair:6)
  8 orc warriors
  2 black bears
  2 sky beasts
  9 wolves
  3 necrophages (D:4)
  9 centaurs
  2 lemures (D:5)
  4 kobold brigands
  13 bullfrogs
  A wyvern zombie (D:8)
  2 gnoll sergeants
  2 water moccasin skeletons
  A hornet simulacrum (D:5)
  9 killer bees
  6 howler monkeys
  A wight (D:9)
  2 electric eels (D:7)
  A lava snake (Lair:6)
  A bullfrog zombie (D:5)
  7 centaur zombies
  12 jellies (Lair:5)
  7 orc priests
  A centaur skeleton (D:6)
  A water moccasin simulacrum (D:5)
  Crazy Yiuf (D:3)
  2 gnoll shamans
  4 iguanas
  6 orc wizards
  A scorpion zombie (D:5)
  A merfolk siren (Sewer)
  A merfolk avatar (Sewer)
  A killer bee zombie (D:7)
  A centaur simulacrum (D:5)
  2 hound zombies (D:5)
  2 scorpion simulacra (D:5)
  3 howler monkey zombies
  12 adders
  17 gnolls
  A howler monkey skeleton (D:7)
  3 river rats
  A hound simulacrum (D:5)
  2 shadow imps
  2 white imps
  3 worms
  3 dart slugs
  24 orcs
  5 bats
  7 endoplasms
  10 giant cockroaches
  A goblin (D:1)
  9 hobgoblins
  A jackal (D:3)
  14 kobolds
  6 quokkas
  8 ball pythons
  10 frilled lizards
  31 rats
526 creatures vanquished.

Vanquished Creatures (others)
  A yak (Lair:6)
  A lava snake (Lair:6)
  44 fungi
  42 plants
88 creatures vanquished.

Grand Total: 614 creatures vanquished

Notes
Turn   | Place    | Note
-------+----------+-------------------------------------------
     0 | D:1      | DavidChitty2 the Minotaur Fighter began the quest for the
                  | Orb.
     0 | D:1      | Reached XP level 1. HP: 19/19 MP: 0/0
   252 | D:1      | Reached XP level 2. HP: 27/27 MP: 1/1
   461 | D:1      | Found a faded altar of an unknown god.
   470 | D:1      | Reached skill level 3 in Axes
   571 | D:1      | Reached XP level 3. HP: 33/33 MP: 2/2
  1088 | D:2      | Reached XP level 4. HP: 14/40 MP: 3/3
  1124 | D:2      | Reached skill level 4 in Axes
  1684 | D:3      | Found a runed translucent door.
  1685 | D:3      | Noticed Crazy Yiuf
  1921 | D:3      | Noticed a water moccasin
  1929 | D:3      | Killed a water moccasin
  1930 | D:3      | Reached skill level 5 in Axes
  1930 | D:3      | Reached XP level 5. HP: 39/47 MP: 4/4
  2170 | D:3      | Found a faded altar of an unknown god.
  2170 | D:3      | Found a hazy altar of Hepliaklqana.
  2318 | D:3      | Reached skill level 5 in Fighting
  2318 | D:3      | Reached skill level 5 in Armour
  2318 | D:3      | Reached XP level 6. HP: 55/56 MP: 5/5
  2475 | D:3      | Found Ruim's Distillery.
  2483 | D:3      | Reached skill level 5 in Shields
  2487 | D:3      | Bought a potion of curing for 39 gold pieces
  2662 | D:3      | Killed Crazy Yiuf
  2791 | D:4      | Found Vioc's Antique Weapon Shoppe.
  2911 | D:4      | Reached skill level 6 in Axes
  2911 | D:4      | Reached XP level 7. HP: 60/61 MP: 6/6
  3435 | D:4      | Reached skill level 7 in Axes
  3606 | D:5      | Entered Level 5 of the Dungeon
  3622 | D:5      | Noticed BR41ND34D's ghost (novice DjCj)
  3666 | D:5      | Found a glowing drain.
  3681 | Sewer    | Entered a sewer
  4050 | Sewer    | Reached XP level 8. HP: 70/70 MP: 7/7
  4293 | D:5      | Identified a scroll of acquirement
  4293 | D:5      | Acquired a +3 broad axe of electrocution
  4508 | D:5      | Noticed Pikel
  4519 | D:5      | Killed Pikel
  4520 | D:5      | Reached skill level 8 in Axes
  4702 | D:5      | Found a hide-covered altar of Uskayaw.
  4811 | D:5      | Found a runed translucent gate.
  4811 | D:5      | Found a runed translucent gate.
  4811 | D:5      | Found a runed translucent gate.
  4854 | D:5      | Identified the +5 ring mail "Fumuaqow" {rElec}
  5088 | D:6      | Noticed a cyclops
  5093 | D:6      | Reached skill level 9 in Axes
  5107 | D:6      | Killed a cyclops
  5108 | D:6      | Reached XP level 9. HP: 79/79 MP: 8/8
  5158 | D:6      | Upgraded the game from 0.28-a0-620-g539b0f7ac7 to
                  | 0.28-a0-657-g71136c5590
  5305 | D:6      | Found a staircase to the Ecumenical Temple.
  5313 | Temple   | Entered the Ecumenical Temple
  5478 | Temple   | Became a worshipper of Warmaster Okawaru
  6076 | D:6      | Reached skill level 1 in Invocations
  6519 | D:7      | Reached skill level 10 in Axes
  6520 | D:7      | Reached * piety under Okawaru
  6927 | D:7      | Found an ancient bone altar of Kikubaaqudgha.
  7338 | D:7      | Reached ** piety under Okawaru
  7627 | D:8      | Reached XP level 10. HP: 58/90 MP: 11/11
  7792 | D:8      | Reached skill level 11 in Axes
  7813 | D:8      | Found a staircase to the Lair.
  8797 | D:8      | Noticed a centaur warrior
  8802 | D:8      | Killed a centaur warrior
  8933 | D:8      | Reached *** piety under Okawaru
  8994 | D:8      | Noticed a manticore
  9000 | D:8      | Killed a manticore
  9001 | D:8      | Reached skill level 12 in Axes
  9039 | D:8      | Noticed a boulder beetle
  9054 | D:8      | Killed a boulder beetle
  9083 | D:8      | Noticed a boulder beetle
  9093 | D:8      | Noticed a manticore
  9516 | D:8      | Noticed a gargoyle
  9519 | D:8      | Reached **** piety under Okawaru
  9524 | D:8      | Reached XP level 11. HP: 96/97 MP: 10/13
  9793 | D:8      | Found a runed translucent door.
  9794 | D:8      | Found a shimmering altar of Xom.
  9794 | D:8      | Noticed a +2 rapier of chaos
  9794 | D:8      | Noticed p0werm0de's ghost (novice MiCK)
  9856 | D:8      | You fall into a shaft and drop 3 floors!
  9859 | D:11     | Noticed a two-headed ogre
  9883 | D:11     | Killed a two-headed ogre
 10040 | D:11     | Reached skill level 5 in Invocations
 10042 | D:11     | Noticed a boulder beetle
 10067 | D:11     | Killed a boulder beetle
 10067 | D:11     | Reached ***** piety under Okawaru
 10068 | D:11     | Reached skill level 13 in Axes
 10068 | D:11     | Reached skill level 10 in Armour
 10068 | D:11     | Reached skill level 10 in Shields
 10083 | D:10     | Entered Level 10 of the Dungeon
 10086 | D:10     | Reached skill level 10 in Fighting
 10914 | D:8      | Killed a boulder beetle
 11041 | D:8      | Identified the +1 leather armour of the Arcane {rF+ rC+
                  | Int+3 Dex+3}
 11041 | D:8      | Identified the amulet of Music {Acrobat Drain +Blink Str-4
                  | Int+6}
 11288 | D:9      | Found Ojuffy's Distillery.
 11294 | D:9      | Bought a potion of curing for 39 gold pieces
 11452 | D:9      | Found a glowing silver altar of Zin.
 11642 | D:9      | Noticed a tengu warrior
 12083 | D:9      | Received a gift from Okawaru
 12084 | D:9      | Reached skill level 14 in Axes
 12329 | D:9      | Killed a tengu warrior
 12329 | D:9      | Received a gift from Okawaru
 12712 | D:9      | Reached XP level 12. HP: 107/108 MP: 15/15
 12971 | D:10     | Found a shimmering altar of Xom.
 13078 | D:10     | Found a runed translucent door.
 13078 | D:10     | Noticed sn0wgr3's ghost (novice GrFi)
 13220 | D:10     | Found a blossoming altar of Fedhas.
 13633 | D:5      | Killed BR41ND34D's ghost
 13764 | D:3      | Bought a potion of heal wounds for 65 gold pieces
 13764 | D:3      | Bought 2 potions of haste for 260 gold pieces
 13764 | D:3      | Bought a potion of heal wounds for 65 gold pieces
 13764 | D:3      | Bought a potion of curing for 39 gold pieces
 13764 | D:3      | Bought a potion of haste for 130 gold pieces
 13764 | D:3      | Bought a potion of invisibility for 104 gold pieces
 13764 | D:3      | Bought a potion of invisibility for 104 gold pieces
 13880 | Lair:1   | Entered Level 1 of the Lair of Beasts
 14313 | Lair:1   | Noticed a five-headed hydra
 14320 | Lair:1   | Killed a five-headed hydra
 14643 | Lair:2   | Reached skill level 15 in Axes
 14917 | Lair:2   | Found a hole to the Spider Nest.
 15597 | Lair:2   | Found a staircase to the Shoals.
 15754 | Lair:2   | Received a gift from Okawaru
 15856 | Lair:2   | Acquired the +0 pair of fencer's gloves {Riposte Dex+3}
 15856 | Lair:2   | Found the +0 pair of fencer's gloves {Riposte Dex+3}
 15882 | Lair:3   | Noticed a seven-headed hydra
 15892 | Lair:3   | Killed a seven-headed hydra
 16047 | Lair:3   | Noticed a five-headed hydra
 16060 | Lair:3   | Killed a five-headed hydra
 16315 | Lair:3   | Reached XP level 13. HP: 106/117 MP: 17/17
 16808 | Lair:4   | Noticed Josephine
 16817 | Lair:4   | Killed Josephine
 16940 | Lair:4   | Reached skill level 16 in Axes
 17476 | Lair:4   | Identified the ring "Fioq" {rN+ MP+9 Int+4}
 17874 | Lair:5   | Found a staircase to the Slime Pits.
 18548 | Lair:5   | Reached skill level 17 in Axes
 18669 | Lair:5   | Received a gift from Okawaru
 18882 | Lair:5   | Reached ****** piety under Okawaru
 19325 | Lair:6   | Entered Level 6 of the Lair of Beasts
 19461 | Lair:6   | Reached XP level 14. HP: 119/129 MP: 17/19
 20170 | Lair:6   | Reached skill level 18 in Axes
 20222 | Lair:6   | Found a large runed translucent door.
 20223 | Lair:6   | Found a large runed translucent door.
 20317 | Lair:6   | Received a gift from Okawaru
 20761 | Lair:6   | Slain by a molten gargoyle

Illustrated notes

Levels and vault maps discovered:
D:1:      psy_arrival_fountain, layout_basic, hellmonk_ecumenical_altar_blasted
D:2:      layout_rooms, minmay_fractal_squares_5
D:3:      layout_rooms, beargit_hepliaklqana_dungeon_heroes, serial_shops,
          nicolae_diamond_shop, minmay_misc_feat_iff,
          minmay_fractal_squares_gapless_5, uniq_crazy_yiuf_cottage
D:4:      layout_loops_ring, serial_shops, nicolae_lakefront_shop
D:5:      layout_loops_ring, mainiacjoe_overflow_small_starburst,
          gammafunk_ghost_icy, portal_sewer_entry_b, uniq_pikel
D:6:      layout_loops_corners, minmay_temple_entry_junction
D:7:      statuecave_lemuel, layout_rooms, general_overflow_altar
D:8:      minmay_the_grid_triangle_9x9_rhombus_full
          [minmay_the_grid_triangle_9x9_flanged_cone,
          minmay_the_grid_triangle_9x9_semitri,
          minmay_the_grid_triangle_9x9_steps,
          minmay_the_grid_triangle_9x9_corruption,
          minmay_the_grid_triangle_9x9_odd_lines,
          minmay_the_grid_triangle_9x9_sparse_checkered,
          minmay_the_grid_triangle_9x9_intruding_spiral,
          minmay_the_grid_triangle_9x9_prize_top_heavy], layout_loops_cross,
          erik_lair_orcish_takeover, ebering_ghost_xom,
          hangedman_minor_gate_pass
D:9:      kennysheep_ambush_hall, layout_irregular_city, zin_academy,
          serial_shops, shop_fountains, roderic_three_in_a_row
D:10:     layout_loops_ring, kennysheep_mini_moat,
          mainiacjoe_overflow_concentric_impassable,
          hellmonk_ghost_happy_afterlife
D:11:     layout_basic, erik_orc_2, gammafunk_ghost_stat_death,
          nicolae_looking_at_the_future
Temple:   eino_temple_scatter_basement
Lair:1:   layout_roguey
Lair:2:   layout_hall_layers, minmay_shoals_entry_hut, spider_nest_entry_a,
          lemuel_fruit_tree
Lair:3:   layout_misc_corridors
Lair:4:   layout_hall_layers, uniq_josephine
Lair:5:   beast_lair_carwin_large_2, layout_loops_ring,
          minmay_slime_entry_jelly_boxes, grunt_forest_stairs_clearing
Lair:6:   cheibrodos_lair_end_hotspot, layout_gridlike, pond

Skill      XL: |  1  2  3  4  5  6  7  8  9 10 11 12 13 14 |
---------------+-------------------------------------------+-----
Axes           | 3 5 6 7 9 10 12 14 15 17 18 | 18.0
Fighting       | 4 5 6 7 8 9 10 11 13 | 13.6
Armour         | 4 5 6 7 8 9 10 11 13 | 13.7
Shields        | 4 5 6 7 8 9 10 11 13 | 13.6
Invocations    | 2 4 6 7 8 |  8.0

Action                   |  1- 3 |  4- 6 |  7- 9 | 10-12 | 13-15 || total
-------------------------+-------+-------+-------+-------+-------++-------
Melee: War axe           |    75 |   103 |   156 |       |       ||   334
       Headbutt          |     8 |    12 |    49 |   105 |   107 ||   281
       Broad axe         |       |       |   138 |   485 |   386 ||  1009
       Morningstar       |       |       |       |    25 |    11 ||    36
Invok: Heroism           |       |       |       |    12 |     4 ||    16
       Finesse           |       |       |       |       |     1 ||     1
Evoke: Wand              |       |       |       |     5 |       ||     5
  Use: Scroll            |       |       |    11 |    16 |       ||    27
       Potion            |       |       |     1 |     4 |       ||     5
 Stab: Petrified         |       |       |       |       |     1 ||     1
Armor: Scale mail        |     9 |       |       |       |       ||     9
       Chain mail        |    39 |    67 |    91 |       |       ||   197
       Ring mail         |       |       |    56 |   274 |   131 ||   461
Dodge: Dodged            |    33 |    41 |    94 |   203 |    99 ||   470
Block: Buckler           |    26 |    13 |    47 |       |       ||    86
       Kite shield       |       |       |    33 |   326 |   187 ||   546
       Rpst.: Broad axe  |       |       |       |     2 |    25 ||    27
       Morningstar       |       |       |       |     1 |     2 ||     3

Table legend: (Time is in decaauts)
 A = Elapsed time spent in this place.
 B = Non-inter-level travel time spent in this place.
 C = Inter-level travel time spent in this place.
 D = Time resting spent in this place.
 E = Time spent auto-exploring this place.
 F = Levels seen in this place.
 G = Mean time per level.
                   A        B        C        D        E       F      G
               +--------+--------+--------+--------+--------+-----+--------+
         Total |  20854 |  19756 |   1098 |   4620 |  11758 |  19 | 1097.6 |
       Dungeon |  13212 |  12203 |   1009 |   3447 |   6708 |  11 | 1201.1 |
        Temple |    175 |    154 |     21 |      0 |    136 |   1 |  175.0 |
          Lair |   6799 |   6731 |     68 |   1173 |   4519 |   6 | 1133.2 |
         Sewer |    666 |    666 |      0 |      0 |    394 |   1 |  666.0 |
               +--------+--------+--------+--------+--------+-----+--------+

Top non-repeatable levels by time:
     D:7: 2183 daAuts
     D:8: 2098 daAuts
     D:9: 1652 daAuts
  Lair:5: 1624 daAuts
  Lair:2: 1261 daAuts
  Lair:6: 1215 daAuts
     D:6: 1199 daAuts
  Lair:4: 1126 daAuts
     D:3: 1110 daAuts
     D:5: 1029 daAuts
    D:10: 1025 daAuts
     D:4: 1013 daAuts
     D:1: 893 daAuts
  Lair:3: 837 daAuts
     D:2: 783 daAuts
